 Dungeon Crawl Stone Soup version 0.29-a0-284-gf9362112df (webtiles) character file.

Game seed: 12729475835753688629

858 spaghetti the Merchant of Misery (level 7, -4/46 HPs)
             Began as a Demonspawn Earth Elementalist on Mar 20, 2022.
             Was a Believer of Kikubaaqudgha.
             Slain by a wyvern (12 damage)
             ... on level 5 of the Dungeon.
             The game lasted 00:11:36 (5927 turns).

spaghetti the Merchant of Misery (DsEE)             Turns: 5927, Time: 00:11:37

Health: -4/46      AC:  4    Str:  8    XL:     7   Next: 71%
Magic:  11/13      EV: 12    Int: 18    God:    Kikubaaqudgha [**....]
Gold:   360        SH:  0    Dex: 16    Spells: 11/14 levels left

rFire   . . .      SeeInvis .   w - +1 rapier (elec) {short}
rCold   . . .      Faith    .   f - orb {*channel}
rNeg    . . .      Spirit   .   b - +0 robe
rPois   .          Reflect  .   (helmet restricted)
rElec   .          Harm     .   v - +0 cloak
rCorr   .          Rampage  .   u - +0 pair of gloves
Will    .....                   (no boots)
Stlth   ++++......              (no amulet)
HPRegen 0.15/turn               (no ring)
MPRegen 0.13/turn               (no ring)

@: no status effects
A: antennae 1, thin skeletal structure 1, demonic magic 2
a: Renounce Religion, Receive Corpses


You were on level 5 of the Dungeon.
You worshipped Kikubaaqudgha.
Kikubaaqudgha was pleased with you.
You visited 1 branch of the dungeon, and saw 5 of its levels.

You collected 360 gold pieces.


Innate Abilities, Weirdness & Mutations

You have a pair of small antennae on your head.
You have a somewhat thin skeletal structure. (Dex +2, Stealth+)
Spells you cast may paralyse nearby enemies.


   Skills:
 * Level 1.1 Short Blades
 - Level 1.7 Dodging
 + Level 3.7 Stealth
 + Level 4.1 Spellcasting
 * Level 4.7 Necromancy
 - Level 0.8 Transmutations
 - Level 4.0 Earth Magic
 + Level 3.5 Evocations


You had 11 spell levels left.
You knew the following spells:

 Your Spells              Type           Power      Damage    Failure   Level
a - Sandblast             Erth           36%        2d10      2%          1
b - Passwall              Tmut/Erth      10%        N/A       9%          2

Your spell library contained the following spells:

 Spells                   Type           Power      Damage    Failure   Level
 Animate Skeleton         Necr           40%        N/A       1%          1
 Pain                     Necr           80%        1d8       1%          1
 Sublimation of Blood     Necr           20%        N/A       3%          2
 Corpse Rot               Necr/Air       24%        N/A       9%          2
 Apportation              Tloc           6%         N/A       14%         1
 Summon Small Mammal      Summ           12%        N/A       14%         1
 Stone Arrow              Conj/Erth      20%        3d8       19%         3
 Petrify                  Tmut/Erth      12%        N/A       47%         4

Inventory:

Hand Weapons
 w - a +1 rapier of electrocution (weapon) {short}
   (You took it off Eustachio on level 4 of the Dungeon)
Missiles
 a - 39 stones {throwing}
 s - a boomerang {throwing}
 x - 4 poisoned darts {throwing}
Armour
 b - a +0 robe (worn)
 f - an orb of energy (worn)
   (You found it on level 1 of the Dungeon)
 u - a +0 pair of gloves (worn)
   (You found it on level 3 of the Dungeon)
 v - a +0 cloak (worn)
   (You found it on level 4 of the Dungeon)
Wands
 c - a wand of iceblast (9)
   (You found it on level 5 of the Dungeon)
 g - a wand of mindburst (17)
   (You found it on level 5 of the Dungeon)
 h - a wand of flame (8)
   (You took it off Edmund on level 4 of the Dungeon)
Scrolls
 d - 3 scrolls of magic mapping {!r}
 i - 2 scrolls of fear
 m - 2 scrolls of torment {!r}
 o - a scroll of noise {!r}
 r - a scroll of teleportation {@r4}
Potions
 e - a potion of lignification {unknown}
 k - 2 potions of flight

Dungeon Overview and Level Annotations

Branches:
Dungeon (5/15)
 Temple: D:4-7

Altars:
Ashenzari
Kikubaaqudgha
Qazlal
Trog
Yredelemnul
Beogh

Portals:
Abyss: D:3

Annotations:
D:3 2 transporters, Cancer's ghost, amateur GrEE

###############
#.............. #
#.############. . #.#
###. #. #.# #... #.##
#.##### #.#. ...
#.#<..######...
#.#l###.#............
#...@...#...######...
###.######.#####.....
................###.
###.#####..#####.# #†
#. #..# # #. #. #..#
.. .. #..# ... ##
#..# #..# #..# #.#


You could see a wyvern.


Message History

A water moccasin comes into view.
A water moccasin is nearby!
An adder comes into view.
Aiming: Sandblast (safe; 2% risk of failure)
Press: ? - help, Q - select action, (/) - cycle Shift-Dir - straight line, f - adder
Aim: an adder (wandering, hasn't noticed you, 66% to hit)
The blast of sand hits the adder!
You kill the adder!
Kikubaaqudgha accepts your kill.
Malevolent energies surge around you. 😎 MP[-1]
You lost 1 mp, and now have 12/13 mp.
The water moccasin hisses angrily.
The water moccasin closely misses you.
Aiming: Sandblast (safe; 2% risk of failure)
Press: ? - help, Q - select action, (/) - cycle Shift-Dir - straight line, f - water moccasin
Aim: a water moccasin (66% to hit)
The blast of sand hits the water moccasin.
Malevolent energies surge around you.
The water moccasin suddenly stops moving! 😎 MP[-1]
You lost 1 mp, and now have 11/13 mp.
The helpless water moccasin fails to defend itself.
You puncture the water moccasin!
The helpless water moccasin fails to defend itself.
You puncture the water moccasin!
The water moccasin is no longer paralysed.
The water moccasin misses you. x2 😎 MP[+1]
You barely miss the water moccasin. The water moccasin bites you!
The water moccasin bites you.
You are poisoned.
The water moccasin poisons you! 😮 HP[-12]
You take 12 damage, and now have 34/46 hp.
MASSIVE DAMAGE!! (PAUSE) Unknown command.
Aiming: Sandblast (safe; 2% risk of failure)
Press: ? - help, Q - select action, (/) - cycle Shift-Dir - straight line, f/p - water moccasin
Aim: a water moccasin (almost dead, 66% to hit)
The blast of sand hits the water moccasin!
You kill the water moccasin!
Kikubaaqudgha accepts your kill. Malevolent energies surge around you.
You feel very sick.
Your Short Blades skill increases to level 1! 😮 HP[-3] MP[-1]
You take 3 damage, and now have 31/46 hp.
You lost 1 mp, and now have 11/13 mp.
You start resting.
You feel sick. x7
You are no longer poisoned. 😮 HP[-6] MP[+2]
You take 6 damage, and now have 25/46 hp.
Your mp is fully restored (13).
You start resting. 😎 HP[+21]
Your hp is fully restored (46).
Okay, then.
You see here a water moccasin corpse.
a - 42 stones {throwing} (gained 10)
d - 3 scrolls of magic mapping {!r} (gained 1) Key pressed, stopping explore.
A wyvern comes into view.
A wyvern is nearby!
A wyvern is nearby!
The helpless wyvern fails to defend itself.
You hit the wyvern. The wyvern bites you! The wyvern bites you. 😮 HP[-16]
You take 16 damage, and now have 30/46 hp.
MASSIVE DAMAGE!! (PAUSE)
Aiming: Sandblast (safe; 2% risk of failure)
Press: ? - help, Q - select action, (/) - cycle Shift-Dir - straight line, f - wyvern
Aim: a wyvern (lightly wounded, 79% to hit)
The blast of sand hits the wyvern!
Malevolent energies surge around you.
The wyvern bites you but does no damage.
The wyvern bites you!
* * * LOW HITPOINT WARNING * * *
😨 HP[-14] MP[-1]
You take 14 damage, and now have 16/46 hp.
MASSIVE DAMAGE!! (PAUSE)
You lost 1 mp, and now have 12/13 mp.
Aiming: Sandblast (safe; 2% risk of failure)
Press: ? - help, Q - select action, (/) - cycle Shift-Dir - straight line, f/p - wyvern
Aim: a wyvern (heavily wounded, 79% to hit)
The blast of sand hits the wyvern!
Malevolent energies surge around you. The wyvern bites you.
* * * LOW HITPOINT WARNING * * *
😱 HP[-6] MP[-1]
You take 6 damage, and now have 10/46 hp.
You lost 1 mp, and now have 11/13 mp.
Aiming: Sandblast (safe; 2% risk of failure)
Press: ? - help, Q - select action, (/) - cycle Shift-Dir - straight line, f/p - wyvern
Aim: a wyvern (severely wounded, 79% to hit)
The blast of sand misses the wyvern.
Malevolent energies surge around you. Magical energy flows into your mind!
The wyvern bites you.
* * * LOW HITPOINT WARNING * * *
The wyvern bites you!
You die...
Kikubaaqudgha rasps: "You have failed me!
Welcome... death!"

Skill      XL: |  1  2  3  4  5  6  7 |
---------------+----------------------+-----
Evocations     | 1 2 3 |  3.5
Earth Magic    | 3 4 |  4.0
Stealth        | 2 3 |  3.7
Spellcasting   | 3 4 |  4.1
Necromancy     | 1 2 4 |  4.7
Short Blades   | 1 |  1.1
Dodging        | |  1.7
Transmutations | |  0.8

Action                   |  1- 3 |  4- 6 |  7- 9 || total
-------------------------+-------+-------+-------++-------
Melee: Unarmed           |    19 |       |       ||    19
       Dagger            |    11 |    74 |       ||    85
       Rapier            |       |       |    10 ||    10
 Cast: Sandblast         |    58 |    75 |    16 ||   149
       Passwall          |     1 |    13 |       ||    14
  Use: Potion            |     1 |     7 |       ||     8
       Scroll            |     1 |     3 |     5 ||     9
 Stab: Paralysed         |     3 |     9 |     4 ||    16
       Sleeping          |     1 |     2 |     2 ||     5
Armor: Robe              |     5 |    22 |     1 ||    28
Dodge: Dodged            |    22 |    84 |     8 ||   114

Levels and vault maps discovered:
D:1:      scummos_arrival_star, layout_rooms
D:2:      cheibrodos_old_hovel, layout_rooms, chequers_ecumenical_altar_simple,
          basic_altar
D:3:      layout_basic, mainiacjoe_overflow_tiny_flanked,
          nicolae_ashenzari_skybound, gammafunk_ghost_abyssal_escape,
          st_stairs_3, kennysheep_orc_chapel
D:4:      kennysheep_spiral_hall, layout_loops_ring,
          mainiacjoe_overflow_boulevard, uniq_eustachio, uniq_edmund
D:5:      layout_loops_ring, slow_altar_2, serial_bayou_crossing

Notes
Turn   | Place    | Note
-------+----------+-------------------------------------------
     0 | D:1      | spaghetti the Demonspawn Earth Elementalist began the quest
                  | for the Orb.
     0 | D:1      | Reached XP level 1. HP: 13/13 MP: 3/3
     0 | D:1      | magus.rc [v1.9.6]
   147 | D:1      | HP: 3/13 [giant cockroach (1)]
   402 | D:1      | Gained mutation: Spells you cast may paralyse adjacent
                  | enemies. [demonic ancestry]
   402 | D:1      | Reached XP level 2. HP: 19/19 MP: 1/5
   471 | D:1      | Reached skill level 1 in Evocations
   870 | D:1      | Learned a level 2 spell: Passwall
  1063 | D:2      | Found a basalt altar of Yredelemnul.
  1256 | D:2      | Reached XP level 3. HP: 24/24 MP: 5/7
  1326 | D:2      | Reached skill level 3 in Earth Magic
  1462 | D:2      | You pick up a book of Cantrips and begin reading...
  1462 | D:2      | You add the spells Animate Skeleton, Summon Small Mammal
                  | and Apportation to your library.
  1536 | D:2      | Found a faded altar of an unknown god.
  1545 | D:2      | Prayed at the altar of an unknown god.
  1545 | D:2      | Became a worshipper of Kikubaaqudgha
  1545 | D:2      | Reached * piety under Kikubaaqudgha
  1545 | D:2      | You add the spells Pain, Corpse Rot and Sublimation of
                  | Blood to your library.
  1545 | D:2      | Received a gift from Kikubaaqudgha
  1930 | D:3      | Found a broken altar of Ashenzari.
  1991 | D:3      | Found a transporter.
  2064 | D:3      | Noticed a small abomination
  2065 | D:3      | Noticed a small abomination
  2074 | D:3      | Found a transporter.
  2193 | D:3      | Reached skill level 2 in Stealth
  2225 | D:3      | Found a stormy altar of Qazlal.
  2256 | D:3      | Gained mutation: You have a pair of small antennae on your
                  | head. [demonic ancestry]
  2256 | D:3      | Reached XP level 4. HP: 30/30 MP: 4/8
  2258 | D:3      | Reached skill level 3 in Spellcasting
  2258 | D:3      | Reached skill level 1 in Necromancy
  2487 | D:3      | HP: 7/30 [something/magic dart (7)]
  2493 | D:3      | HP: 3/30 [something (3)]
  2732 | D:3      | Reached skill level 2 in Evocations
  2732 | D:3      | Gained mutation: You have a somewhat thin skeletal
                  | structure. (Dex +2, Stealth+) [demonic ancestry]
  2732 | D:3      | Reached XP level 5. HP: 26/35 MP: 3/9
  2935 | D:3      | Found a one-way gate to the infinite horrors of the Abyss.
  2935 | D:3      | Noticed Cancer's ghost (amateur GrEE)
  2944 | D:3      | Reached ** piety under Kikubaaqudgha
  3048 | D:4      | HP: 5/35 [orc priest/divine providence (11)]
  3050 | D:4      | Reached skill level 2 in Necromancy
  3054 | D:4      | HP: 5/35 [orc wizard/+0 dagger (1)]
  3349 | D:4      | Reached skill level 4 in Earth Magic
  3349 | D:4      | Reached XP level 6. HP: 20/41 MP: 8/11
  3758 | D:4      | Found a bloodstained altar of Trog.
  3827 | D:4      | Noticed Edmund
  3855 | D:5      | Entered Level 5 of the Dungeon
  3974 | D:4      | Killed Edmund
  3975 | D:4      | Reached skill level 3 in Stealth
  3975 | D:4      | Reached skill level 3 in Necromancy
  4323 | D:4      | HP: 7/41 [orc/+2 mace of protection (7)]
  4328 | D:4      | HP: 5/41 [endoplasm (3)]
  4651 | D:4      | Noticed Eustachio
  4687 | D:4      | HP: 9/41 [quokka (2)]
  4696 | D:4      | HP: 9/41 [bat[Eustachio] (1)]
  4703 | D:4      | HP: 8/41 [bat[Eustachio] (1)]
  5051 | D:4      | Killed Eustachio
  5052 | D:4      | Reached skill level 4 in Necromancy
  5052 | D:4      | Reached skill level 3 in Evocations
  5052 | D:4      | Gained mutation: Spells you cast may paralyse nearby
                  | enemies. [demonic ancestry]
  5052 | D:4      | Reached XP level 7. HP: 46/46 MP: 7/12
  5340 | D:5      | Reached skill level 4 in Spellcasting
  5727 | D:5      | Reached skill level 1 in Short Blades
  5920 | D:5      | Noticed a wyvern
  5926 | D:5      | HP: 10/46 [wyvern (6)]
  5927 | D:5      | Slain by a wyvern

Vanquished Creatures
  Eustachio (D:4)
  Edmund (D:4)
  A water moccasin (D:5)
  A scorpion (D:5)
  A howler monkey (D:3)
  2 orc priests
  2 jellies
  2 iguanas
  2 orc wizards
  8 adders
  2 worms (D:2)
  3 dart slugs
  9 orcs
  9 endoplasms
  3 giant cockroaches (D:1)
  3 goblins (D:4)
  9 hobgoblins
  4 jackals (D:4)
  3 kobolds
  8 quokkas
  9 ball pythons
  2 bats
  4 rats (D:3)
89 creatures vanquished.

Vanquished Creatures (others)
  6 plants (D:5)
6 creatures vanquished.

Grand Total: 95 creatures vanquished

Table legend:
 A = Non-vault XP
 B = Vault XP
 C = Vault XP percentage of total XP
 D = Non-vault monster count
 E = Vault monster count
 F = Vault count percentage of total count
                 A         B        C        D         E       F
            +---------+---------+-------+---------+---------+-------
      Total |     679 |     548 |  44.7 |      74 |      15 |  16.9
            +---------+---------+-------+---------+---------+-------
        D:1 |      33 |       0 |   0.0 |      17 |       0 |   0.0
        D:2 |      12 |       5 |  29.4 |       5 |       1 |  16.7
        D:3 |      51 |     161 |  75.9 |      16 |       8 |  33.3
        D:4 |     229 |     382 |  62.5 |      28 |       6 |  17.6
        D:5 |     354 |       0 |   0.0 |       8 |       0 |   0.0
            +---------+---------+-------+---------+---------+-------

Illustrated notes

Table legend:
 A = Kills in this place as a percentage of kills in entire the game.
 B = Kills by you in this place as a percentage of kills by you in the entire game.
 C = Kills by friends in this place as a percentage of kills by friends in the entire game.
 D = Other kills in this place as a percentage of other kills in the entire game.
 E = Experience gained in this place as a percentage of experience gained in the entire game.
 F = Experience gained in this place divided by the number of levels of this place that you have seen.
                   A       B       C       D       E      F
               +-------+-------+-------+-------+-------+----------------------
         Total | 100.0 | 100.0 |   N/A |   N/A | 100.0 | 245.4
       Dungeon | 100.0 | 100.0 |   N/A |   N/A | 100.0 | 245.4
               +-------+-------+-------+-------+-------+----------------------

Table legend: (Time is in decaauts)
 A = Elapsed time spent in this place.
 B = Non-inter-level travel time spent in this place.
 C = Inter-level travel time spent in this place.
 D = Time resting spent in this place.
 E = Time spent auto-exploring this place.
 F = Levels seen in this place.
 G = Mean time per level.
                   A        B        C        D        E       F      G
               +--------+--------+--------+--------+--------+-----+--------+
         Total |   5928 |   5809 |    119 |   2097 |   2935 |   5 | 1185.6 |
       Dungeon |   5928 |   5809 |    119 |   2097 |   2935 |   5 | 1185.6 |
               +--------+--------+--------+--------+--------+-----+--------+

Top non-repeatable levels by time:
     D:4: 1858 daAuts
     D:3: 1563 daAuts
     D:1: 997 daAuts
     D:5: 799 daAuts
     D:2: 709 daAuts
